 Dungeon Crawl Stone Soup version 0.27.0-1-g7a089689b8 (webtiles) character file.

Game seed: 9340548966388206611

52 MisterFreud the Cudgeller (level 3, 0/23 HPs)
             Began as a Gargoyle Fighter on Aug 1, 2021.
             Slain by Sigmund (5 damage)
             ... on level 2 of the Dungeon.
             The game lasted 00:01:34 (1814 turns).

MisterFreud the Cudgeller (Gargoyle Fighter)        Turns: 1814, Time: 00:01:34

Health: 0/23       AC: 10    Str: 20    XL:     3   Next: 85%
Magic:  3/3        EV:  7    Int:  8    God:
Gold:   43         SH:  0    Dex:  9    Spells: 2/2 levels left

rFire    . . .     SeeInvis .   a - +0 flail
rCold    . . .     Faith    .   c - +0 kite shield
rNeg     + . .     Spirit   .   b - +0 scale mail
rPois    ∞         Reflect  .   (no helmet)
rElec    +         Harm     .   (no cloak)
rCorr    .         Rampage  .   (no gloves)
Will     +....                  (no boots)
Stlth    ..........             (no amulet)
HPRegen  0.07/turn              i - ring of willpower
MPRegen  0.08/turn              (no ring)

@: confused
A: sickness immunity, AC +3, negative energy resistance 1, electricity
resistance, torment resistance 1, petrification resistance
a: no special abilities


You were on level 2 of the Dungeon.
You visited 1 branch of the dungeon, and saw 2 of its levels.

You collected 43 gold pieces.

Inventory:

Hand Weapons
 a - a +0 flail (weapon)
Armour
 b - a +0 scale mail (worn)
 c - a +0 kite shield (worn)
Jewellery
 i - a ring of willpower (left hand)
Scrolls
 e - a scroll of silence {unknown}
 f - 2 scrolls of teleportation {unknown}
 g - a scroll of enchant weapon {unknown}
 j - a scroll of noise {unknown}
Potions
 d - a potion of might
 h - a potion of resistance {unknown}


   Skills:
 - Level 3.2 Fighting
 + Level 4.0 Maces & Flails
 - Level 3.2 Armour
 - Level 3.2 Shields


You had 2 spell levels left.
You didn't know any spells.
Your spell library was empty.

Dungeon Overview and Level Annotations

Branches:
Dungeon (2/15)

Altars:

Annotations:
D:2 Sigmund


Innate Abilities, Weirdness & Mutations

You are immune to sickness and miasma.
Your stone body is resilient. (AC +3)
You are immune to poison.
You resist negative energy. (rN+)
You are resistant to electric shocks. (rElec)
You are resistant to unholy torment.
You are immune to petrification.


Message History

No target in view!
i - a ring of willpower
i - a ring of willpower (left hand)
j - a scroll labelled YHEDAU OKUPP Key pressed, stopping explore.
No target in view!
Found a stone staircase leading up.
Sigmund the Dreaded comes into view.
He is wielding a +3 scythe.
Sigmund shouts!
Sigmund screams, "Don't try to resist!"
Sigmund is nearby!
You block Sigmund's attack.
You sock Sigmund!
Sigmund is moderately wounded.
Sigmund barely misses you.
You hit Sigmund.
Sigmund is heavily wounded.
Sigmund hits you but does no damage.
A worm comes into view.
You barely miss Sigmund.
Sigmund is heavily wounded.
Sigmund hits you with a +3 scythe. Sigmund hits you but does no damage.
You barely miss Sigmund.
Sigmund is heavily wounded.
Sigmund gestures at you while chanting. The puff of flame hits you.
You hit Sigmund.
Sigmund is heavily wounded.
Sigmund gestures at you while chanting.
You are confused.
Sigmund mumbles some strange words.
Sigmund flickers and vanishes!
Deactivating autopickup; reactivate with Ctrl-A.
Unknown command.
You bump into the rock wall.
Something hits you but does no damage.
You hit something. Something hits you but does no damage.
You miss something. Something hits you. The worm bites you.
* * * LOW HITPOINT WARNING * * *
Something hits you.
You die...

........†#####..
......#..# #.#
.........# #.#
#####.#..#######.#####
.....................
######.............###
# #............... #
#...........#.### #
#..........@{...#
#...........w.^..#
#########..#..#...# #
##.##...... ### #.#
.#.# # ..## #.# .#.#
#..### #.. . . ##...##
### . # ###..##


You could see a worm.

Vanquished Creatures
  An adder (D:2)
  2 worms (D:2)
  2 dart slugs (D:1)
  4 ball pythons
  7 endoplasms (D:1)
  2 hobgoblins (D:1)
  2 kobolds (D:1)
  4 bats
  3 frilled lizards
  5 rats
32 creatures vanquished.

Vanquished Creatures (others)
  2 plants (D:1)
2 creatures vanquished.

Grand Total: 34 creatures vanquished

Notes
Turn   | Place    | Note
-------+----------+-------------------------------------------
     0 | D:1      | MisterFreud the Gargoyle Fighter began the quest for the
                  | Orb.
     0 | D:1      | Reached XP level 1. HP: 14/14 MP: 1/1
   146 | D:1      | Found a faded altar of an unknown god.
   245 | D:1      | Reached XP level 2. HP: 16/19 MP: 2/2
   347 | D:1      | Reached skill level 3 in Maces & Flails
   822 | D:1      | Reached XP level 3. HP: 23/23 MP: 3/3
  1604 | D:2      | Reached skill level 4 in Maces & Flails
  1803 | D:2      | Noticed Sigmund
  1814 | D:2      | Slain by Sigmund

Illustrated notes

Levels and vault maps discovered:
D:1:      roderic_chinese_lattice_arrival, layout_basic, serial_forest,
          infiniplex_forest_lined_3, infiniplex_forest_clump_C,
          infiniplex_forest_clump_medium, infiniplex_forest_clump_C,
          infiniplex_forest_clump_tiny, infiniplex_forest_clump_large,
          infiniplex_forest_clump_medium, infiniplex_forest_clump_long,
          shapermc_ecumenical_altar_acropolis, serial_bayou_lagoon_a
D:2:      layout_rooms, uniq_sigmund, uniq_terence

Skill      XL: |  1  2  3 |
---------------+----------+-----
Maces & Flails | 3 4 |  4.0
Fighting       | |  3.2
Armour         | |  3.2
Shields        | |  3.2

Action                   || total
-------------------------++-------
Melee: Flail             ||   124
Armor: Scale mail        ||    69
Dodge: Dodged            ||    39
Block: Kite shield       ||    56
